 Dungeon Crawl Stone Soup version 0.23.2 (webtiles) character file.

Game seed: 17825127260818557979

270 JaketheDog the Slasher (level 6, -1/56 HPs)
             Began as a Minotaur Berserker on Apr 30, 2019.
             Was a Believer of Trog.
             Slain by a gnoll (6 damage)
             ... on level 2 of the Dungeon on May 2, 2019.
             The game lasted 00:20:17 (1946 turns).

JaketheDog the Slasher (Minotaur Berserker)         Turns: 1946, Time: 00:20:18

Health: -1/56      AC:  9    Str: 24    XL:     6   Next: 1%
Magic:  5/5        EV:  9    Int:  4    God:    Trog [**....]
Gold:   166        SH:  0    Dex:  9    Spells: 5/5 levels left

rFire    . . .     SeeInvis .   a - +0 falchion
rCold    . . .     Gourm    .   (no shield)
rNeg     . . .     Faith    .   j - +0 chain mail
rPois    .         Spirit   .   (helmet restricted)
rElec    .         Reflect  .   (no cloak)
rCorr    .         Harm     .   (no gloves)
MR       .....                  (no boots)
Stlth    ..........             (no amulet)
HPRegen  0.18/turn              (no ring)
MPRegen  0.09/turn              (no ring)

@: no status effects
A: retaliatory headbutt, horns 2
a: Berserk, Trog's Hand, Renounce Religion


You were on level 2 of the Dungeon.
You worshipped Trog.
Trog was pleased with you.
You were not hungry.

You visited 1 branch of the dungeon, and saw 3 of its levels.

You collected 166 gold pieces.

Inventory:

Hand Weapons
 a - a +0 falchion (weapon)
 b - a +4 quarterstaff of chaos
Armour
 j - a +0 chain mail (worn)
 s - a cursed +0 chain mail
Wands
 t - a wand of polymorph (9)
Scrolls
 d - a scroll of identify
 e - a scroll of immolation {unknown}
 f - a scroll of noise {unknown}
 g - a scroll of remove curse {unknown}
 h - a scroll of fog {unknown}
 i - a scroll of magic mapping {unknown}
 k - a scroll of amnesia {unknown}
 r - a scroll of teleportation {unknown}
Potions
 l - a potion of ambrosia {unknown}
 m - a potion of curing {unknown}
 n - a potion of agility {unknown}
 o - a potion of degeneration {unknown}
 p - a potion of haste {unknown}
 q - a potion of heal wounds {unknown}
Comestibles
 c - 4 rations


   Skills:
 + Level 5.3 Fighting
 + Level 6.3 Long Blades
 + Level 3.1 Armour
 + Level 3.1 Dodging


You had 5 spell levels left.
You didn't know any spells.
Your spell library was empty.

Dungeon Overview and Level Annotations

Branches:
Dungeon (3/15)

Altars:
Dithmenos
Fedhas
The Shining One


Innate Abilities, Weirdness & Mutations

You reflexively headbutt those who attack you in melee.
You have a pair of horns on your head.


Message History

There is a stone staircase leading down here.
Unknown command.
You see here a rat skeleton.
The gnoll hits you.
* * * LOW HITPOINT WARNING * * *
You see here a +0 club.
You hit the gnoll but do no damage. The gnoll barely misses you.
You hit the gnoll. Your headbutt misses the gnoll.
The gnoll is lightly wounded.
The gnoll hits you but does no damage.
You hit the gnoll but do no damage. You headbutt the gnoll!
The gnoll is severely wounded.
The gnoll closely misses you.
You hit the gnoll but do no damage.
The gnoll is severely wounded.
The gnoll hits you but does no damage.
Your chain mail prevents you from hitting the gnoll.
The gnoll is severely wounded.
The gnoll hits you.
You die...

.# .# ########
.#############>.....#
.......(....##.####.#
.####.###.#.##(# #.#
.# #.# #.#.##.# #.#
.####.###.#.##.# #<#
.........#.....####.#
#####.###.#.....@g÷.#
#.# #.########.># #.#
#.# #÷.# #.# #.# #..#
#.# #.# #..# #.# #.#
##..### #####.# #.#
#.....# ......# #.#
#...#.#### #######
#[#######........#


You could see a gnoll.

Vanquished Creatures
  Crazy Yiuf (D:2)
  Natasha (thrice) (D:2)
  A worker ant (D:3)
  6 gnolls
  2 adders (D:2)
  2 worms
  4 dart slugs
  3 leopard geckos
  An orc (D:2)
  3 giant cockroaches
  8 goblins
  7 hobgoblins
  A quokka (D:2)
  A ball python (D:1)
  6 bats
  5 frilled lizards
  2 kobolds (D:2)
  4 rats
60 creatures vanquished.

Notes
Turn   | Place    | Note
-------+----------+-------------------------------------------
     0 | D:1      | JaketheDog the Minotaur Berserker began the quest for the
                  | Orb.
     0 | D:1      | Reached XP level 1. HP: 19/19 MP: 0/0
    85 | D:1      | Reached XP level 2. HP: 12/27 MP: 1/1
   101 | D:1      | Reached skill level 4 in Long Blades
   371 | D:1      | Reached XP level 3. HP: 17/33 MP: 2/2
   542 | D:2      | Noticed Natasha
   544 | D:2      | Killed Natasha
   645 | D:2      | Found a shadowy altar of Dithmenos.
   646 | D:2      | Noticed Natasha
   651 | D:2      | Killed Natasha
   651 | D:2      | Reached ** piety under Trog
   651 | D:2      | Reached XP level 4. HP: 37/41 MP: 3/3
   659 | D:2      | Reached skill level 5 in Long Blades
   686 | D:2      | Found a shadowy altar of Dithmenos.
   694 | D:2      | Noticed Natasha
   715 | D:2      | Killed Natasha
   715 | D:2      | Reached skill level 5 in Fighting
   815 | D:2      | Found a glowing golden altar of the Shining One.
  1024 | D:2      | Found a runed translucent door.
  1025 | D:2      | Noticed Crazy Yiuf
  1032 | D:2      | Killed Crazy Yiuf
  1032 | D:2      | Reached XP level 5. HP: 27/48 MP: 4/4
  1590 | D:3      | Found a blossoming altar of Fedhas.
  1648 | D:2      | Reached skill level 6 in Long Blades
  1911 | D:3      | Reached XP level 6. HP: 37/56 MP: 5/5
  1946 | D:2      | Slain by a gnoll

Skill      XL: |  1  2  3  4  5 |
---------------+----------------+-----
Long Blades    | 4 5 6 |  6.3
Fighting       | 4 5 |  5.3
Dodging        | 3 |  3.1
Armour         | 3 |  3.1

Action                   |  1- 3 |  4- 6 || total
-------------------------+-------+-------++-------
Melee: Falchion          |    64 |    76 ||   140
       Headbutt          |    12 |    18 ||    30
  Use: Scroll            |       |     2 ||     2
  Eat: Ration            |       |     1 ||     1
Armor: Animal skin       |     5 |     1 ||     6
       Chain mail        |       |    34 ||    34
Dodge: Dodged            |    45 |    45 ||    90
       Rpst.: Falchion   |    11 |    13 ||    24
